AoeStats
← Elgalloernie

Fortress

510734883Analyzed
1v1 RM · 22h ago on Oct 2, 2026· 98m 7s· 2 players
Game mode
Random Map
Map size
Small (3 player)
Population
200
Speed
Normal
Resources
Standard
Victory
Conquest
Starting age
Dark Age
Ending age
Imperial Age
RankedLock teamsTeams togetherTeam positionsShared explorationLock speedFull tech treeHidden civsTurbo modeCheats
Victory
Defeat
🇪🇸 Bengalis · Spain
304
+17
🇨🇳 Huns · China
319
-17
Elgalloernie
9:45 Feudal Age
9:50 Man-at-Arms
10:45 Double-Bit Axe
19:46 Castle Age
19:26 Gold Mining
19:31 Stone Mining
19:27 Horse Collar
20:31 Scale Mail Armor
22:11 Crossbowman
22:53 Fletching
23:06 Pikeman
24:53 Bodkin Arrow
29:11 Imperial Age
28:25 Bow Saw
29:29 Halberdier
30:31 Chain Mail Armor
34:03 Bracer
33:28 Arbalester
35:32 Forging
37:13 Two-Man Saw
36:51 Wheelbarrow
41:05 Elite Ratha (Ranged)
41:45 Elite Battle Elephant
42:11 Elite Skirmisher
43:52 Iron Casting
43:54 Hand Cart
57:15 Town Watch
58:30 Bloodlines
58:22 Husbandry
59:45 Town Patrol
62:48 Chemistry
62:26 Ballistics
69:05 Squires
70:46 Siege Engineers
75:38 Gambesons
80:48 Gambesons
81:16 Heavy Plow
85:24 Blast Furnace
84:33 Scale Barding Armor
84:30 Padded Archer Armor
87:33 Arson
94:32 Chain Barding Armor
无忧无虑
8:53 Feudal Age
9:30 Horse Collar
9:41 Double-Bit Axe
11:02 Gold Mining
11:03 Stone Mining
17:18 Wheelbarrow
19:36 Castle Age
17:53 Bloodlines
18:43 Padded Archer Armor
18:34 Fletching
20:20 Scale Barding Armor
22:10 Bow Saw
22:27 Light Cavalry
25:08 Leather Archer Armor
24:51 Bodkin Arrow
27:29 Gold Shaft Mining
30:18 Imperial Age
30:07 Husbandry
30:40 Thumb Ring
32:41 Cavalier
34:19 Forging
36:50 Parthian Tactics
35:46 Heavy Cavalry Archer
38:06 Hand Cart
38:04 Town Watch
39:52 Iron Casting
39:20 Scale Mail Armor
42:56 Conscription
45:01 Ballistics
48:16 Paladin
54:24 Chain Barding Armor
55:05 Blast Furnace
54:06 Bracer
56:22 Chemistry
55:39 Masonry
70:56 Plate Barding Armor
82:35 Two-Man Saw
Connection lost

Rejoining the realm…

Still unreachable

The connection could not be restored.

Session expired

The server has moved on; the page needs a fresh start.